Map: 애씨드 플랜트 - 래더

Players

Zest

  • Race: Protoss Protoss
  • League: Master
  • Spawn Location: 5:00

Solar - Winner!

  • Race: Zerg Zerg
  • League: Platinum
  • Spawn Location: 11:00

Event: HomeStory Cup XVIII

VOD

Have the link to the VOD?

Description

Time

  • Played on: Nov. 23, 2018, 3:48 p.m.
  • Length: 7:47

All games in this series

Show
View Real Time Build Order
Export as new Build Order

Zest Protoss 

Build Orders: 1 Gate Expand, Oracle Opening, Phoenix Opening, Zealot Archon, Archon Drop 

Get SALT Encoding   

  12  0:00  Probe  
  13  0:12  Probe  
  14  0:18  Pylon  
  14  0:24  Probe  
  15  0:32  Probe  
  15  0:38  Gateway  
  15  0:40  Probe  
  16  0:47  Assimilator  
  17  0:51  Probe  
  18  1:03  Probe  
  19  1:15  Probe  
  20  1:24  Nexus  
  20  1:35  Cybernetics Core  
  20  1:39  Probe  
  21  1:44  Assimilator  
  21  1:51  Probe  
  22  1:54  Pylon  
  22  2:03  Adept, Probe  
  23  2:15  Stargate  
  25  2:18  Probe  
  26  2:23  Warp Gate  
  26  2:30  Adept, Probe  
  26  2:32  Probe  
  30  2:40  Probe  
  30  2:42  Probe  
  31  2:50  Probe  
  32  2:52  Phoenix  
  32  2:54  Probe  
  34  3:04  Probe  
  37  3:05  Oracle  
  37  3:06  Probe  
  37  3:08  Pylon  
  41  3:22  Probe  
  41  3:24  Probe  
  41  3:30  Gateway  
  41  3:31  Assimilator  
  41  3:34  Probe, Assimilator  
  41  3:37  Probe  
  43  3:45  Probe, Robotics Facility  
  43  3:47  Probe  
  44  3:54  Probe  
  45  3:58  Twilight Council  
  45  3:59  Probe  
  45  4:00  Pylon  
  47  4:06  Probe  
  48  4:15  Gateway  
  48  4:16  Gateway  
  45  4:21  Warp Prism, Probe x2  
  47  4:34  Templar Archives  
  49  4:38  Adept  
  49  4:39  Zealot  
  49  4:45  Pylon  
  53  4:50  Probe x2  
  55  4:56  Pylon  
  55  5:04  Adept  
  55  5:05  Adept  
  59  5:16  Zealot x2  
  63  5:23  Pylon, Observer  
  63  5:24  Nexus  
  63  5:32  Forge  
  64  5:36  Immortal  
  64  5:42  High Templar x3  
  65  5:43  High Templar  
  65  5:47  Archon  
  65  5:48  Archon  
  75  5:50  Probe x2  
  77  6:01  Charge  
  77  6:02  Probe  
  78  6:07  Pylon  
  78  6:08  Pylon  
  78  6:20  Probe x2  
  78  6:22  Immortal  
  78  6:32  Probe x2  
  84  6:41  Gateway, Probe  
  84  6:42  Gateway, Zealot x4  
  84  6:44  Probe x2  
  92  6:54  Observer  
  92  7:05  Pylon  
  92  7:06  Assimilator  
  92  7:08  High Templar x3, Zealot  
  95  7:10  Probe  
  95  7:11  Assimilator, Probe x2  
  100  7:23  Probe x2  
  100  7:29  High Templar  
Show
View Real Time Build Order
Export as new Build Order

Solar Zerg - Winner!

Build Orders: Hatch First 

Get SALT Encoding   

  12  0:01  Drone  
  13  0:13  Overlord  
  13  0:16  Drone  
  14  0:32  Drone x2  
  16  0:49  Hatchery  
  15  0:51  Drone  
  15  0:56  Drone  
  17  0:59  Drone  
  18  1:05  Extractor  
  17  1:14  Spawning Pool  
  17  1:17  Drone  
  17  1:21  Drone  
  18  1:28  Drone  
  19  1:39  Drone  
  20  1:53  Hatchery  
  20  1:54  Drone  
  20  2:03  Queen  
  23  2:08  Drone  
  23  2:13  Metabolic Boost  
  23  2:17  Drone  
  23  2:20  Drone  
  25  2:24  Overlord  
  25  2:32  Queen  
  25  2:36  Zergling x2  
  28  2:43  Zergling x2  
  29  2:44  Drone  
  29  2:47  Queen  
  29  2:50  Drone  
  33  2:53  Drone  
  33  2:55  Drone  
  33  2:57  Drone  
  36  3:05  Overlord  
  35  3:06  Drone  
  35  3:10  Queen  
  38  3:14  Drone  
  38  3:15  Drone  
  38  3:17  Drone  
  41  3:21  Drone  
  41  3:26  Queen  
  43  3:29  Drone x2  
  43  3:33  Overlord  
  45  3:37  Drone  
  45  3:38  Drone  
  47  3:42  Spore Crawler  
  47  3:43  Overlord  
  46  3:49  Spore Crawler  
  46  3:52  Drone  
  46  3:53  Drone  
  46  3:55  Drone x2  
  49  3:56  Overlord  
  49  3:58  Overlord  
  49  4:04  Lair  
  49  4:05  Drone x2  
  49  4:07  Drone  
  49  4:08  Drone  
  51  4:11  Drone  
  51  4:14  Drone  
  51  4:15  Drone  
  54  4:18  Extractor  
  54  4:19  Extractor  
  54  4:22  Drone x2  
  54  4:23  Drone x2  
  56  4:27  Zergling x6  
  56  4:29  Zergling x2  
  56  4:30  Zergling x2  
  61  4:35  Zergling x6  
  61  4:37  Zergling x2  
  65  4:39  Drone  
  65  4:40  Extractor  
  65  4:41  Overlord  
  65  4:46  Drone x2  
  65  4:48  Drone  
  65  4:52  Drone x3  
  71  4:57  Overlord  
  71  4:59  Overlord, Zergling x4  
  73  5:03  Hydralisk Den  
  73  5:07  Zergling x4  
  72  5:10  Overlord  
  72  5:14  Overlord  
  70  5:21  Drone  
  71  5:32  Hydralisk x8  
  87  5:37  Hydralisk, Grooved Spines  
  88  5:44  Hydralisk  
  88  5:48  Overlord  
  89  5:50  Baneling Nest  
  89  5:51  Hydralisk  
  89  5:55  Hydralisk  
  92  5:57  Overlord  
  92  6:01  Hydralisk  
  94  6:04  Overlord  
  94  6:07  Overseer  
  94  6:10  Hydralisk  
  96  6:16  Hydralisk  
  97  6:21  Hydralisk  
  97  6:25  Hydralisk  
  93  6:31  Hydralisk  
  97  6:33  Overlord  
  97  6:37  Hydralisk  
  97  6:39  Zergling x18  
  107  6:48  Zergling x2  
  107  6:55  Hydralisk  
  107  6:56  Zergling x4  
  107  7:01  Overlord x2  
  109  7:11  Zergling x20  
  109  7:14  Baneling  
  109  7:15  Baneling x15  
  119  7:17  Zergling x4  
  119  7:18  Overlord  
  119  7:20  Baneling x2  
  119  7:21  Baneling  
  120  7:27  Zergling x4  
Tags
 
Add a new tag
Caveats
  • Supply blocks, unpowered buildings, or Contaminate may cause inaccurate times.
  • Supply counts are checked every 10 seconds.